 Dungeon Crawl Stone Soup version 0.19.5 (webtiles) character file.

5509 JeffiDaFish the Basher (level 10, -1/63 HPs)
             Began as a Gargoyle Fighter on Mar 25, 2017.
             Was a Follower of Okawaru.
             Slain by a yak (9 damage)
             ... on level 9 of the Dungeon.
             The game lasted 00:18:06 (8843 turns).

JeffiDaFish the Basher (Gargoyle Fighter)           Turns: 8843, Time: 00:18:07

Health: -1/63      AC: 26    Str: 18 (19) XL:     10   Next: 70%
Magic:  10/10      EV:  7    Int:  7 (10) God:    Okawaru [*.....]
Gold:   307        SH: 12    Dex: 10 (12) Spells: 0 memorised, 9 levels left

rFire  . . .     SeeInvis .     r - +1 flail (protect)
rCold  + . .     Gourm    .     o - +0 chain mail
rNeg   + + .     Faith    .     c - +1 shield
rPois  ∞         Spirit   .     (no helmet)
rElec  +         Reflect  .     y - +0 cloak {MR+}
rCorr  .         Harm     .     (no gloves)
MR     +....                    (no boots)
Stlth  ..........               (no amulet)
                                k - ring of protection from cold
                                m - ring of positive energy

@: protection aura
A: negative energy resistance 1, electricity resistance, unbreathing,
petrification resistance, rot immunity, AC +7
a: Heroism, Renounce Religion


You were on level 9 of the Dungeon.
You worshipped Okawaru.
Okawaru was aware of your devotion.
You were hungry.

You visited 2 branches of the dungeon, and saw 10 of its levels.

You collected 413 gold pieces.
You spent 106 gold pieces at shops.

Inventory:

Hand Weapons
 b - a +0 whip of electrocution
 r - a +1 flail of protection (weapon)
Missiles
 e - 39 bolts
Armour
 c - a +1 shield (worn)
 o - a +0 chain mail (worn)
 y - a +0 cloak of magic resistance (worn)
Jewellery
 k - a ring of protection from cold (right hand)
 m - a ring of positive energy (left hand)
Scrolls
 l - 7 scrolls of identify
 n - 5 scrolls of remove curse
 s - a scroll of blinking
 t - 2 scrolls of recharging
 v - a scroll of magic mapping
Potions
 a - a potion of ambrosia
 d - a potion of might
 h - 3 potions of resistance
 i - a potion of berserk rage
 j - 3 potions of curing
 p - a potion of flight
 u - a potion of haste
Comestibles
 f - 4 bread rations
 g - 4 meat rations
 q - 6 chunks of flesh
 w - a slice of pizza
 x - a royal jelly


   Skills:
 + Level 7.0 Fighting
 + Level 9.9 Maces & Flails
 + Level 7.5 Armour
 + Level 2.8 Dodging
 + Level 1.4 Stealth
 + Level 9.4 Shields


You had 9 spell levels left.
You didn't know any spells.

Dungeon Overview and Level Annotations

Branches:
Dungeon (9/15)             Temple (1/1) D:7             Orc (0/2) D:9
   Lair: D:8-11

Altars:
Ashenzari
Cheibriados
Dithmenos
Elyvilon
Hepliaklqana
Kikubaaqudgha
Makhleb
Okawaru
Qazlal
Ru
Sif Muna
Uskayaw
Vehumet
Yredelemnul
Zin
The Shining One

Shops:
D:4 (   D:5 }


Innate Abilities, Weirdness & Mutations

You are resistant to torment.
Your stone body is resilient. (AC +7)
You are immune to poison.
You resist negative energy. (rN+)
You are resistant to electric shocks. (rElec)
You can survive without breathing.
You are immune to petrification.
You are immune to rotting.


Message History

You hit the yak.
The yak is severely wounded.
The yak gores you but does no damage. The yak gores you!
The yak gores you but does no damage.
You hit the yak.
The yak is almost dead.
The ice beast hits you but does no damage.
The yak gores you but does no damage. x2
You hit the yak but do no damage.
The yak is almost dead.
The yak gores you!
* * * LOW HITPOINT WARNING * * *
The ice beast hits you but does no damage.
The yak gores you.
* * * LOW HITPOINT WARNING * * *
You block the yak's attack.
You hit the yak.
The yak is almost dead.
The yak gores you!
You die...

...........#...........
../......(o........÷...
###.........8....>....8
#......##............
###....#.#...........
#..###.#.....8.....
#..# ..####.....###
#Y.#... ....#...#
#Y@#..##+####...#
#YY####.........#
##YY..YY........#
#..............#
#..............#
#........)........
#.......#######...
#.......# ... #.......#
..


You could see 5 yaks and an ice beast.

Vanquished Creatures
  Pikel (D:8)
  The ghost of JeffiDaFish the Shield-Bearer, a novice GrFi of Okawaru (D:5)
  A two-headed ogre (D:8)
  Grinder (D:6)
  2 hippogriffs
  Prince Ribbit (D:6)
  Sigmund (D:6)
  The ghost of Chikkuri the Ducker, an amateur HaWr of Cheibriados (D:3)
  Menkaure (D:6)
  Edmund (D:5)
  A water moccasin (D:7)
  2 sky beasts
  2 orc warriors
  6 ice beasts
  2 ogres
  3 phantoms
  2 centaurs
  A crocodile (D:9)
  A wyvern skeleton (D:7)
  2 scorpions
  3 killer bees (D:7)
  7 howler monkeys
  4 centaur zombies
  4 crimson imps
  A bullfrog zombie (D:4)
  A hound (D:9)
  3 jellies
  2 bullfrog skeletons
  A centaur skeleton (D:5)
  An orc priest (D:8)
  An iguana (D:5)
  2 orc wizards (D:8)
  10 worker ants
  A hound zombie (D:4)
  2 hound skeletons
  3 worker ant zombies
  9 adders
  2 shadow imps (D:9)
  An adder zombie (D:4)
  5 adder skeletons
  A leopard gecko (D:7)
  28 orcs
  5 giant cockroaches
  5 goblins
  7 hobgoblins
  10 jackals
  2 quokkas
  3 ball pythons
  A ball python skeleton (D:4)
  10 bats
  7 frilled lizards
  2 jackal skeletons (D:4)
  A jackal zombie (D:4)
  11 kobolds
  3 leopard gecko skeletons
  A leopard gecko zombie (D:4)
  A quokka skeleton (D:4)
  A quokka zombie (D:4)
  9 rats
204 creatures vanquished.

Notes
Turn   | Place    | Note
-------+----------+-------------------------------------------
     0 | D:1      | JeffiDaFish the Gargoyle Fighter began the quest for the Orb.
     0 | D:1      | Reached XP level 1. HP: 14/14 MP: 1/1
   125 | D:1      | Reached XP level 2. HP: 16/19 MP: 2/2
   743 | D:2      | Found a shattered altar of Ashenzari.
   761 | D:2      | Reached XP level 3. HP: 21/24 MP: 3/3
   789 | D:2      | Gained mutation: You are resistant to hostile enchantments. (MR+) [potion of mutation]
   789 | D:2      | Gained mutation: You are agile. (Dex +2) [potion of mutation]
   789 | D:2      | Gained mutation: Potions and wands are less effective at restoring your health. [potion of mutation]
   835 | D:2      | Found a glowing golden altar of the Shining One.
  1411 | D:3      | Reached XP level 4. HP: 19/29 MP: 4/4
  1451 | D:3      | Noticed Chikkuri's ghost (amateur HaWr)
  1466 | D:3      | Found a faded altar of an unknown god.
  1899 | D:3      | Killed Chikkuri's ghost
  1899 | D:3      | Reached skill level 1 in Stealth
  1899 | D:3      | Reached XP level 5. HP: 17/33 MP: 5/5
  2081 | D:3      | Found a burning altar of Makhleb.
  2275 | D:3      | Found an ancient bone altar of Kikubaaqudgha.
  2580 | D:4      | Reached skill level 1 in Dodging
  2580 | D:4      | Reached XP level 6. HP: 23/38 MP: 6/6
  2769 | D:4      | Found Tailie Naps's Weapon Shoppe.
  2796 | D:4      | Bought a +0 whip of electrocution for 106 gold pieces
  2827 | D:4      | Found a radiant altar of Vehumet.
  3084 | D:4      | Reached XP level 7. HP: 43/43 MP: 7/7
  3234 | D:4      | Reached skill level 5 in Armour
  3357 | D:4      | Reached skill level 5 in Maces & Flails
  3357 | D:4      | Reached skill level 5 in Shields
  3566 | D:5      | Entered Level 5 of the Dungeon
  3704 | D:5      | Reached XP level 8. HP: 44/48 MP: 8/8
  3709 | D:5      | Noticed Edmund
  3743 | D:5      | Killed Edmund
  3928 | D:5      | Noticed JeffiDaFish's ghost (novice GrFi)
  3940 | D:5      | Killed JeffiDaFish's ghost
  3940 | D:5      | Reached skill level 5 in Fighting
  4169 | D:5      | Found Oqukhau's Gadget Shoppe.
  5168 | D:6      | Noticed Prince Ribbit
  5226 | D:6      | Killed Prince Ribbit
  5226 | D:6      | Reached XP level 9. HP: 43/54 MP: 9/9
  5317 | D:6      | Noticed Sigmund
  5332 | D:6      | Killed Sigmund
  5376 | D:6      | Noticed Menkaure
  5385 | D:6      | Killed Menkaure
  5546 | D:6      | Noticed Grinder
  5566 | D:6      | Killed Grinder
  6254 | D:6      | Found a sacrificial altar of Ru.
  6258 | D:6      | Found a deep blue altar of Sif Muna.
  6795 | D:7      | Reached XP level 10. HP: 61/61 MP: 10/10
  6906 | D:7      | You fall through a shaft for 2 floors!
  6906 | D:9      | Found a staircase to the Orcish Mines.
  7092 | D:8      | Identified a scroll of acquirement
  7438 | D:7      | Found a staircase to the Ecumenical Temple.
  7444 | Temple   | Entered the Ecumenical Temple
  7477 | Temple   | Became a worshipper of Warmaster Okawaru
  7648 | D:8      | Noticed Pikel
  7668 | D:8      | Killed Pikel
  7742 | D:8      | Reached * piety under Okawaru
  7795 | D:8      | Found a hazy altar of Hepliaklqana.
  7854 | D:8      | Lost mutation: You are agile. (Dex +2) [potion of cure mutation]
  7854 | D:8      | Lost mutation: You are resistant to hostile enchantments. (MR+) [potion of cure mutation]
  7854 | D:8      | Lost mutation: Potions and wands are less effective at restoring your health. [potion of cure mutation]
  8843 | D:9      | Slain by a yak

Skill      XL: |  1  2  3  4  5  6  7  8  9 10 |
---------------+-------------------------------+-----
Fighting       | 4 5 6 7 |  7.0
Maces & Flails | 3 4 5 6 8 9 |  9.9
Armour         | 4 5 6 7 |  7.5
Stealth        | 1 |  1.4
Shields        | 4 5 7 8 9 |  9.4
Dodging        | 1 2 |  2.8

Action                   |  1- 3 |  4- 6 |  7- 9 | 10-12 || total
-------------------------+-------+-------+-------+-------++-------
Melee: Flail             |   153 |   149 |   304 |   336 ||   942
       Whip              |       |    77 |   140 |       ||   217
  Use: Scroll            |     8 |     3 |     2 |     3 ||    16
       Potion            |     6 |     3 |     3 |     3 ||    15
  Eat: Chunk             |     2 |     6 |    12 |     7 ||    27
Armor: Scale mail        |   126 |    58 |       |       ||   184
       Chain mail        |       |    42 |   222 |   177 ||   441
Dodge: Dodged            |    82 |    56 |   111 |    77 ||   326
Block: Shield            |   119 |   106 |   251 |   200 ||   676
